 Dungeon Crawl Stone Soup version 0.21-a0-450-gd87a9b2 (webtiles) character file.

2288 dududu the Poker (level 9, -3/72 HPs)
             Began as a Barachi Skald on Nov 18, 2017.
             Was an Initiate of Elyvilon.
             Slain by a vampire (8 damage)
             ... on level 6 of the Dungeon.
             The game lasted 00:36:45 (6678 turns).

dududu the Poker (Barachi Skald)                    Turns: 6678, Time: 00:36:47

Health: -3/72      AC:  9    Str: 18    XL:     9   Next: 39%
Magic:  9/12       EV: 12    Int: 16    God:    Elyvilon [......]
Gold:   227        SH:  0    Dex: 11    Spells: 7/13 levels left

rFire    + . .     SeeInvis .   a - +1 halberd (venom)
rCold    + . .     Gourm    .   (shield currently unavailable)
rNeg     . . .     Faith    .   N - +2 leather armour {rF+}
rPois    .         Spirit   .   (no helmet)
rElec    .         Reflect  .   p - +0 cloak
rCorr    .         Harm     .   s - +0 pair of gloves
MR       .....                  l - +1 pair of boots
Stlth    +.........             (no amulet)
HPRegen  0.22/turn              g - +4 ring of strength
MPRegen  0.13/turn              L - ring of protection from cold

@: slow
A: +LOS, swims, slowness 1, strong legs 1
a: Hop, Renounce Religion


You were on level 6 of the Dungeon.
You worshipped Elyvilon.
Elyvilon was noncommittal.
You were not hungry.

You visited 2 branches of the dungeon, and saw 9 of its levels.
You also visited: Ossuary.

You collected 227 gold pieces.

Inventory:

Hand Weapons
 a - a +1 halberd of venom (weapon)
 b - a +0 hunting sling
 y - a +1 trident
 C - a +0 hand crossbow
Missiles
 e - 36 stones (quivered)
 i - 2 poisoned javelins
 w - 31 sling bullets
 E - a throwing net
Armour
 k - a +0 plate armour
 l - a +1 pair of boots (worn)
 n - a +0 ring mail
 p - a +0 cloak (worn)
 s - a +0 pair of gloves (worn)
 N - a +2 leather armour of fire resistance (worn)
Jewellery
 g - a +4 ring of strength (left hand)
 x - an uncursed ring of flight
 L - a ring of protection from cold (right hand)
Wands
 D - a wand of flame (21/48)
Scrolls
 f - 4 scrolls of teleportation
 h - 5 scrolls of remove curse
 q - a scroll of fear
 G - a scroll of vulnerability {unknown}
 K - a scroll of enchant armour
 M - a scroll of magic mapping
Potions
 j - a potion of curing
 m - 4 potions of heal wounds
 o - 4 potions of mutation
 r - a potion of might
 t - a potion of resistance
 u - a potion of berserk rage
 v - a potion of flight {unknown}
 z - 2 potions of ambrosia
 A - 2 potions of haste
 B - a potion of brilliance {unknown}
 F - a potion of agility {unknown}
 H - 2 potions of cancellation
Books
 c - a book of Battle

   Spells                             Type                      Level
   a - Infusion                       Charms                       1
   b - Shroud of Golubria             Charms/Translocation         2
   c - Song of Slaying                Charms                       2
   d - Spectral Weapon                Hexes/Charms                 3
   e - Regeneration                   Charms/Necromancy            3
Comestibles
 d - 3 bread rations
 I - a meat ration
 J - 6 chunks of flesh


   Skills:
 + Level 7.2 Fighting
 * Level 7.7 Polearms
 + Level 2.0 Armour
 + Level 2.6 Dodging
 - Level 2.6 Spellcasting
 - Level 5.0 Hexes
 - Level 7.0 Charms


You had 7 spell levels left.
You knew the following spells:

 Your Spells              Type           Power        Failure   Level  Hunger
a - Infusion              Chrm           ###.         1%          1    #......
b - Spectral Weapon       Hex/Chrm       ###.....     6%          3    ###....
c - Shroud of Golubria    Chrm/Tloc      ##........   9%          2    ##.....


Dungeon Overview and Level Annotations

Branches:
Dungeon (8/15)             Temple (1/1) D:7
   Lair: D:8-11

Altars:
Ashenzari
Dithmenos
Elyvilon
Fedhas
Gozag
Hepliaklqana
Kikubaaqudgha
Makhleb
Nemelex Xobeh
Qazlal
Ru
Trog
Uskayaw
Wu Jian
Xom
Yredelemnul
Zin

Shops:
D:5 (

Annotations:
D:8 Tux's ghost, novice DEVM


Innate Abilities, Weirdness & Mutations

Shadows flee at your approach. (+LOS)
You can swim through water.
You cover ground slowly.
You can hop short distances.


Message History

You hit something but do no damage. Something completely misses you.
Something bites you!
Something draws strength from your injuries!
You barely miss something. Something hits you. Something bites you.
Something draws strength from your injuries!
You closely miss something. Something hits you.
* * * LOW HITPOINT WARNING * * *
Something barely misses you.
You barely miss something. Something hits you but does no damage.
Something bites you but does no damage.
You miss something. Something hits you.
* * * LOW HITPOINT WARNING * * *
Something bites you but does no damage.
You barely miss something. Something hits you.
* * * LOW HITPOINT WARNING * * *
Something bites you!
* * * LOW HITPOINT WARNING * * *
Something draws strength from your injuries!
Something hits you but does no damage. Something bites you!
You die...

..###.................##..
......................##((
......................##.>
#.#...................##..
_....................##))
#.#.......................
...[......................
........(.................
........{@.....######.....
...............# #.....
...........##### #.....
...........# #.....
...........# #.....
############ #..... ..


You could see a friendly spectral halberd of venom.

Vanquished Creatures
  2 hippogriffs (D:8)
  Edmund (D:5)
  An orc warrior (D:8)
  4 ogres
  A phantom (D:4)
  2 centaurs
  Blork the orc (D:5)
  A bullfrog (D:7)
  2 scorpions
  A bullfrog zombie (D:5)
  A centaur zombie (Ossuary)
  2 hounds
  3 orc priests
  A human zombie (Ossuary)
  An iguana (D:8)
  7 orc wizards
  5 worker ants
  4 mummies (Ossuary)
  A worker ant zombie (D:5)
  A howler monkey skeleton (D:4)
  8 adders
  6 gnolls
  An ooze (D:5)
  An adder skeleton (D:8)
  A worm (D:2)
  2 dart slugs
  6 leopard geckos
  18 orcs
  9 bats
  7 giant cockroaches
  5 goblins
  2 hobgoblins
  11 jackals
  2 ball pythons
  6 frilled lizards
  2 goblin zombies (Ossuary)
  A hobgoblin zombie (Ossuary)
  A jackal zombie (D:5)
  4 kobolds
  3 kobold zombies (Ossuary)
  5 rats
143 creatures vanquished.

Vanquished Creatures (others)
  A spectral weapon (D:8)
1 creature vanquished.

Grand Total: 144 creatures vanquished

Notes
Turn   | Place    | Note
-------+----------+-------------------------------------------
     0 | D:1      | dududu the Barachi Skald began the quest for the Orb.
     0 | D:1      | Reached XP level 1. HP: 17/17 MP: 3/3
    82 | D:1      | Reached XP level 2. HP: 19/23 MP: 5/5
  1001 | D:2      | Reached XP level 3. HP: 28/28 MP: 3/6
  1004 | D:2      | Found an opulent altar of Gozag.
  1160 | D:2      | Learned a level 3 spell: Spectral Weapon
  1837 | D:3      | Found a basalt altar of Yredelemnul.
  1993 | D:3      | Found a sacrificial altar of Ru.
  2004 | D:3      | Reached XP level 4. HP: 32/35 MP: 0/7
  2006 | D:3      | Reached skill level 1 in Hexes
  2130 | D:4      | Noticed a phantom
  2382 | D:4      | Killed a phantom
  2382 | D:4      | Reached XP level 5. HP: 16/42 MP: 6/8
  2751 | D:4      | Noticed an ogre
  3038 | D:4      | Noticed an ogre
  3060 | D:4      | Killed an ogre
  3060 | D:4      | Reached XP level 6. HP: 32/49 MP: 2/9
  3459 | D:4      | Reached skill level 5 in Charms
  3588 | D:4      | Reached XP level 7. HP: 55/55 MP: 1/10
  4163 | D:5      | Entered Level 5 of the Dungeon
  4163 | D:5      | Found Yllijide's Antique Weapon Boutique.
  4182 | D:5      | Reached skill level 5 in Fighting
  4213 | D:5      | Found a blossoming altar of Fedhas.
  4252 | D:5      | Found a sand-covered staircase.
  4304 | Ossuary  | Entered an ossuary
  4803 | D:5      | Reached skill level 5 in Polearms
  4806 | D:5      | Found a shadowy altar of Dithmenos.
  4944 | D:5      | Noticed Blork the orc
  4953 | D:5      | Killed Blork the orc
  4953 | D:5      | Reached XP level 8. HP: 58/63 MP: 9/11
  5017 | D:5      | Found a hide-covered altar of Uskayaw.
  5138 | D:5      | Learned a level 2 spell: Shroud of Golubria
  5141 | D:5      | Found a shimmering altar of Xom.
  5141 | D:5      | Noticed Edmund
  5153 | D:5      | Killed Edmund
  5262 | D:5      | You fall through a shaft for 3 floors!
  5262 | D:8      | Noticed Tux's ghost (novice DEVM)
  5368 | D:8      | Noticed a hippogriff
  5381 | D:8      | Killed a hippogriff
  5381 | D:8      | Reached skill level 5 in Hexes
  5585 | D:8      | Reached XP level 9. HP: 71/71 MP: 2/12
  6044 | D:7      | Found a staircase to the Ecumenical Temple.
  6054 | Temple   | Entered the Ecumenical Temple
  6247 | Temple   | Became a worshipper of Elyvilon the Healer
  6657 | D:6      | Found a shattered altar of Ashenzari.
  6678 | D:6      | Slain by a vampire

Vault maps used:
D:1:      dpeg_arrival_leaves_temple_mockup, st_stairs_7, minivault_27
D:2:      nicolae_gozag_cash_rules_everything_around_me
D:3:      lemuel_round_altar, minmay_statues_item, yredelemnul_altar_generic
D:4:      first_bread, minmay_misc_feat_ornament
D:5:      kennysheep_mini, nicolae_overflow_crystal_walls, old_standard_altar,
          kennysheep_mini_moat, nicolae_ossuary_entry_ruins, serial_shops, shop,
          uniq_blork_the_orc, uniq_edmund
D:6:      lemuel_doored_altar, fiery_altar_vehumet, ashenzari_altar_1,
          serial_shops, shop, nicolae_qazlal_eye_of_the_storm
D:7:      minmay_temple_entry_mist, uniq_duvessa
D:8:      led_sif_pool, hangedman_pestilent_swarm
Temple:   dpeg_chambers_temple
Ossuary:  ossuary_crypta

Skill      XL: |  1  2  3  4  5  6  7  8  9 |
---------------+----------------------------+-----
Fighting       | 3 4 5 6 7 |  7.2
Hexes          | 1 2 3 4 5 |  5.0
Polearms       | 3 4 5 6 7 |  7.7
Charms         | 4 5 6 7 |  7.0
Armour         | 2 |  2.0
Dodging        | |  2.6
Spellcasting   | |  2.6

Action                   |  1- 3 |  4- 6 |  7- 9 || total
-------------------------+-------+-------+-------++-------
Melee: Spear             |   131 |   119 |       ||   250
       Trident           |       |     7 |    66 ||    73
       Halberd           |       |       |   127 ||   127
 Fire: Hunting sling     |    13 |    20 |     1 ||    34
Throw: Stone             |    20 |     3 |     2 ||    25
 Cast: Infusion          |     3 |     3 |     2 ||     8
       Spectral Weapon   |     1 |    14 |    32 ||    47
       Shroud of Golubri |       |       |    12 ||    12
 Abil: Hop               |     1 |       |       ||     1
  Use: Scroll            |     5 |     3 |    13 ||    21
       Potion            |     1 |     1 |     1 ||     3
 Stab: Distracted        |       |     2 |       ||     2
  Eat: Chunk             |     4 |     7 |    15 ||    26
       Fruit             |       |     1 |     2 ||     3
Armor: Leather armour    |    23 |     7 |     8 ||    38
       Ring mail         |       |    17 |    39 ||    56
       Skin              |       |     1 |       ||     1
Dodge: Dodged            |    68 |    47 |    78 ||   193

Table legend:
 A = Spawn XP
 B = Non-spawn XP
 C = Spawn XP percentage of total XP
 D = Spawn monster count
 E = Non-spawn monster count
 F = Spawn count percentage of total count
 G = Total turns spent on level
                    A         B        C        D         E        F      G
               +---------+---------+-------+---------+---------+-------+---------
         Total |       0 |    3269 |   0.0 |       0 |     143 |   0.0 |  6678
               +---------+---------+-------+---------+---------+-------+---------
           D:1 |       0 |      26 |   0.0 |       0 |      14 |   0.0 |   930
           D:2 |       0 |      32 |   0.0 |       0 |      15 |   0.0 |   651
           D:3 |       0 |      82 |   0.0 |       0 |      24 |   0.0 |   883
           D:4 |       0 |     643 |   0.0 |       0 |      22 |   0.0 |  1699
           D:5 |       0 |     888 |   0.0 |       0 |      28 |   0.0 |   849
           D:6 |       0 |     349 |   0.0 |       0 |       8 |   0.0 |   326
           D:7 |       0 |     158 |   0.0 |       0 |       3 |   0.0 |   107
           D:8 |       0 |     925 |   0.0 |       0 |      17 |   0.0 |   768
       Ossuary |       0 |     166 |   0.0 |       0 |      12 |   0.0 |   250
               +---------+---------+-------+---------+---------+-------+---------
